 Dungeon Crawl Stone Soup version 0.29-a0-284-gf9362112df (webtiles) character file.

Game seed: 1557495009705642295

102 bande the Covered (level 4, -2/29 HPs)
             Began as a Gargoyle Fighter on Mar 31, 2022.
             Slain by an orc priest
             ... wielding a +0 flail
              (9 damage)
             ... on level 3 of the Dungeon.
             The game lasted 00:02:59 (2383 turns).

bande the Covered (Gargoyle Fighter)                Turns: 2383, Time: 00:02:59

Health: -2/29      AC: 13    Str: 20    XL:     4   Next: 77%
Magic:  4/4        EV:  7    Int:  8    God:
Gold:   57         SH:  4    Dex: 11    Spells: 3/3 levels left

rFire   . . .      SeeInvis .   a - +0 war axe
rCold   . . .      Faith    .   c - +0 buckler
rNeg    + . .      Spirit   .   h - +0 chain mail
rPois   ∞          Reflect  .   (no helmet)
rElec   +          Harm     .   (no cloak)
rCorr   .          Rampage  .   (no gloves)
Will    .....                   (no boots)
Stlth   ..........              (no amulet)
HPRegen 0.09/turn               (no ring)
MPRegen 0.09/turn               (no ring)

@: no status effects
A: sickness immunity, AC +3, negative energy resistance 1, electricity
resistance, torment resistance 1, petrification resistance
a: no special abilities


You were on level 3 of the Dungeon.
You visited 1 branch of the dungeon, and saw 3 of its levels.

You collected 57 gold pieces.

Inventory:

Hand Weapons
 a - a +0 war axe (weapon)
Armour
 c - a +0 buckler (worn)
 h - a +0 chain mail (worn)
Scrolls
 b - a scroll of fog {unknown}
 e - a scroll of teleportation
 f - a scroll of noise {unknown}
Potions
 d - a potion of might
 g - a potion of ambrosia {unknown}


   Skills:
 + Level 3.8 Fighting
 + Level 3.2 Axes
 + Level 4.0 Armour
 + Level 3.7 Shields


You had 3 spell levels left.
You didn't know any spells.
Your spell library contained the following spells:

 Spells                   Type           Power      Damage    Failure   Level
 Corpse Rot               Necr/Air       0%         N/A       100%        2
 Ensorcelled Hibernation  Hex/Ice        0%         N/A       100%        2
 Passwall                 Tmut/Erth      0%         N/A       100%        2
 Static Discharge         Conj/Air       0%         N/A       100%        2
 Gell's Gravitas          Tloc           0%         N/A       100%        3
 Swiftness                Air            0%         N/A       100%        3
 Teleport Other           Tloc           0%         N/A       100%        3
 Cause Fear               Hex            0%         N/A       100%        4
 Summon Lightning Spire   Summ/Air       0%         N/A       100%        4
 Dispersal                Tloc           0%         N/A       100%        6
 Dragon Form              Tmut           0%         N/A       100%        7
 Borgnjor's Revivificati  Necr           0%         N/A       100%        8
 Necromutation            Tmut/Necr      0%         N/A       100%        8
 Death's Door             Necr           0%         N/A       100%        9
 Dragon's Call            Summ           0%         N/A       100%        9


Dungeon Overview and Level Annotations

Branches:
Dungeon (3/15)

Altars:


Innate Abilities, Weirdness & Mutations

You are immune to sickness and miasma.
Your stone body is resilient. (AC +3)
You are immune to poison.
You resist negative energy. (rN+)
You are resistant to electric shocks. (rElec)
You are resistant to unholy torment.
You are immune to petrification.


Message History

No target in view!
No target in view!
No target in view!
HP restored.
An orc comes into view. It is wielding a +0 hand axe.
The orc shouts!
The orc moves out of view.
Items here: ) [ ††.
Okay, then.
An orc is nearby!
An orc comes into view. It is wielding a +0 short sword.
The orc shouts!
You slash the orc!
You kill the orc!
You hear a shout!
An orc priest comes into view. It is wielding a +0 flail.
You hit the orc.
The orc is lightly wounded.
The orc hits you but does no damage.
The orc priest calls upon Beogh to heal the orc.
The orc's wounds heal themselves!
You closely miss the orc. The orc hits you with a +0 short sword.
You hit the orc priest.
The orc priest is lightly wounded.
You completely miss the orc. The orc hits you with a +0 short sword.
The orc priest looks satisfied for a moment.
The orc priest hits you but does no damage.
You block the orc's attack.
You barely miss the orc priest.
The orc priest is lightly wounded.
You slash the orc!
You kill the orc!
The orc priest calls down the wrath of Beogh upon you.
Beogh smites you!
Ouch! That really hurt!
* * * LOW HITPOINT WARNING * * *
You barely miss the orc priest.
The orc priest is lightly wounded.
The orc priest hits you with a +0 flail!
You die...

....... .... .......
######.... .8.....##
#.........
........###.........
.......<.)..........
.......###..........
....... #...........
....... #..).##....
##.#####..##@# ... #
#.# #)o# .. #. #..#
#. .... .#... #.
.... .. #.... ..
##...


You could see an orc priest.

Vanquished Creatures
  5 adders
  3 orcs (D:3)
  4 ball pythons
  4 endoplasms
  5 giant cockroaches
  4 goblins
  3 hobgoblins
  3 jackals (D:1)
  2 quokkas (D:2)
  7 bats (D:2)
  2 frilled lizards
  5 kobolds
  2 rats (D:1)
49 creatures vanquished.

Vanquished Creatures (others)
  2 plants (D:2)
2 creatures vanquished.

Grand Total: 51 creatures vanquished

Notes
Turn   | Place    | Note
-------+----------+-------------------------------------------
     0 | D:1      | bande the Gargoyle Fighter began the quest for the Orb.
     0 | D:1      | Reached XP level 1. HP: 14/14 MP: 1/1
   437 | D:1      | Reached XP level 2. HP: 17/19 MP: 2/2
   736 | D:1      | Found a faded altar of an unknown god.
  1074 | D:2      | Reached XP level 3. HP: 23/23 MP: 3/3
  1362 | D:2      | Reached XP level 4. HP: 29/29 MP: 4/4
  1732 | D:2      | Got Angauqie's Handbook of Lightness and Battle Magic
  1911 | D:2      | Reached skill level 4 in Armour
  2383 | D:3      | Slain by an orc priest

Illustrated notes

Levels and vault maps discovered:
D:1:      ncdulo_smallfort, layout_basic, ebering_ecumenical_altar_ruins,
          grunt_decor_cap, palyth_stone_intersect, lemuel_old_faithful
D:2:      layout_basic, serial_curves, eino_curves_01, eino_curves_03,
          eino_curves_01, eino_curves_02, serial_bayou_lake_a
D:3:      layout_rooms, minitemple, serial_undead, serial_undead_c,
          serial_undead_f, serial_undead_d, serial_undead_b, uniq_ijyb

Skill      XL: |  1  2  3  4 |
---------------+-------------+-----
Axes           | 2 3 |  3.2
Armour         | 4 |  4.0
Fighting       | |  3.8
Shields        | |  3.7

Action                   |  1- 3 |  4- 6 || total
-------------------------+-------+-------++-------
Melee: War axe           |    96 |    95 ||   191
  Use: Scroll            |       |     5 ||     5
Armor: Scale mail        |    81 |    17 ||    98
       Chain mail        |       |    52 ||    52
Dodge: Dodged            |    50 |    35 ||    85
Block: Buckler           |    22 |    19 ||    41

Table legend: (Time is in decaauts)
 A = Elapsed time spent in this place.
 B = Non-inter-level travel time spent in this place.
 C = Inter-level travel time spent in this place.
 D = Time resting spent in this place.
 E = Time spent auto-exploring this place.
 F = Levels seen in this place.
 G = Mean time per level.
                   A        B        C        D        E       F      G
               +--------+--------+--------+--------+--------+-----+--------+
         Total |   2518 |   2405 |    113 |      0 |   1949 |   3 |  839.3 |
       Dungeon |   2518 |   2405 |    113 |      0 |   1949 |   3 |  839.3 |
               +--------+--------+--------+--------+--------+-----+--------+

Top non-repeatable levels by time:
     D:2: 1304 daAuts
     D:1: 1076 daAuts
     D:3: 138 daAuts
